 Dungeon Crawl Stone Soup version 0.25-a0-424-g80bd347 (webtiles) character file.

Game seed: 4394830384894091246, levelgen mode: deterministic

700 Firecrotchwizard the Poker (level 7, -1/66 HPs)
             Began as a Tengu Berserker on Jan 20, 2020.
             Was an Elder of Trog.
             Slain by a centaur (5 damage)
             ... on level 6 of the Dungeon.
             The game lasted 00:10:30 (5102 turns).

Firecrotchwizard the Poker (Tengu Berserker)        Turns: 5102, Time: 00:10:30

Health: -1/66      AC:  8    Str: 25    XL:     7   Next: 65%
Magic:  8/8        EV: 11    Int:  7    God:    Trog [****..]
Gold:   295        SH:  5    Dex: 13    Spells: 6/6 levels left

rFire    . . .     SeeInvis .   i - +2 dagger (elec)
rCold    . . .     Gourm    .   r - +2 buckler
rNeg     . . .     Faith    +   h - +0 chain mail
rPois    .         Spirit   .   (helmet restricted)
rElec    .         Reflect  .   (no cloak)
rCorr    .         Harm     .   (no gloves)
MR       .....                  (boots unavailable)
Stlth    ..........             y - amulet of faith {Faith, !P}
HPRegen  0.21/turn              n - ring of stealth {Stlth+}
MPRegen  0.11/turn              (no ring)

@: berserking, flying quickly and evasively, very quick
A: beak, talons 3, able to fly
a: Stop Flying, Berserk, Trog's Hand, Brothers in Arms, Renounce Religion


You were on level 6 of the Dungeon.
You worshipped Trog.
Trog was greatly pleased with you.
You were very hungry.

You visited 1 branch of the dungeon, and saw 6 of its levels.

You collected 295 gold pieces.

Inventory:

Hand Weapons
 a - a +0 spear
 i - a +2 dagger of electrocution (weapon)
   (You took it off a goblin on level 1 of the Dungeon)
Missiles
 m - 2 throwing nets {=f, !d}
 q - 30 poisoned darts
 s - 4 silver boomerangs
Armour
 b - a +0 animal skin
 h - a +0 chain mail (worn)
   (You found it on level 1 of the Dungeon)
 r - a +2 buckler (worn)
   (You found it on level 3 of the Dungeon)
Jewellery
 n - a ring of stealth (left hand) {Stlth+}
   (You found it on level 2 of the Dungeon)
 y - an amulet of faith (around neck) {Faith, !P}
   (You found it on level 5 of the Dungeon)
Wands
 u - a wand of random effects (18)
   (You found it on level 4 of the Dungeon)
 w - a wand of digging (5)
   (You found it on level 5 of the Dungeon)
Scrolls
 e - 4 scrolls of remove curse {unknown}
 g - a scroll of immolation {unknown}
 j - 3 scrolls of identify
 l - a scroll of random uselessness {unknown}
 t - 2 scrolls of magic mapping {unknown}
 A - a scroll of blinking {unknown}
Potions
 d - a potion of agility {unknown}
 f - a potion of brilliance {unknown}
 k - a potion of curing
 o - a potion of degeneration {unknown}
 p - 2 potions of haste {unknown}
 v - 2 potions of heal wounds {unknown}
 x - 2 potions of mutation {unknown}
 z - a potion of invisibility {unknown}
 C - a potion of magic {unknown}
Comestibles
 c - 10 rations
 B - 5 chunks of flesh {@w0}


   Skills:
 + Level 5.0 Fighting
 * Level 7.2 Polearms
 - Level 2.1 Armour
 + Level 4.8 Dodging


You had 6 spell levels left.
You didn't know any spells.
Your spell library was empty.

Dungeon Overview and Level Annotations

Branches:
Dungeon (6/15)             Temple (0/1) D:4

Altars:
Cheibriados
Gozag
Makhleb
Wu Jian

Annotations:
D:5 5 runed translucent doors


Innate Abilities, Weirdness & Mutations

You have a beak for a mouth.
You have claws for feet.
You can fly continuously.


Message History

An orc priest comes into view.
It is wielding a +0 club and wearing a +0 ring mail of positive energy.
An orc comes into view. It is wielding a +0 war axe.
The orc shouts!
An orc comes into view.
You see here a hunting sling.
The orc priest calls down the wrath of Beogh upon you.
You struggle to resist.
You see here a hunting sling.
The orc shouts!
The orc priest hits you but does no damage.
You hit the orc priest but do no damage.
Your chain mail prevents you from hitting the orc priest.
You claw the orc priest, but do no damage.
The orc priest hits you but does no damage.
You barely miss the orc priest.
The orc priest hits you but does no damage.
You barely miss the orc priest. Your peck misses the orc priest.
The orc priest barely misses you.
You closely miss the orc priest. You peck the orc priest.
The orc priest looks satisfied for a moment.
You hit the orc priest.
Lightning courses through the orc priest!
You kill the orc priest!
Trog accepts your kill.
Your Fighting skill increases to level 5!
You hit the orc. Your kick misses the orc. The orc hits you with a +0 war axe.
You take 1 damage, and have 43/44 hp.
Your chain mail prevents you from hitting the orc.
You claw the orc.
You kill the orc!
Trog accepts your kill.
Your chain mail prevents you from hitting the orc.
You claw the orc!
You kill the orc!
Trog accepts your kill.
Items here: )) [ † a +0 war axe; a +0 club; a +0 ring mail of positive energy; an orc corpse You butcher the orc corpse.
B - 5 chunks of flesh {@w0} (gained 3)
Items here: )) [ ÷ a +0 war axe; a +0 club; a +0 ring mail of positive energy; an orc skeleton
Items here: )) [ ÷ a +0 war axe; a +0 club; a +0 ring mail of positive energy; an orc skeleton
C - a smoky amethyst potion Health restored: 44 You now have 295 gold pieces (gained 14).
p - 2 bubbling green potions (gained 1)
q - 30 poisoned darts (gained 12)
As you read the scroll labeled TIENKIAGYU, it crumbles to dust.
It is a scroll of identify.
y - an uncursed amulet of faith You feel a surge of divine interest.
y - an amulet of faith (around neck) {Faith, !P} Unknown command.
A centaur comes into view. It is wielding a +0 mace.
A centaur is nearby!
The centaur shouts!
You hear a shout!
The centaur unwields a +0 mace.
The centaur wields a +0 shortbow.
The centaur shoots an arrow.
The arrow hits you.
You see here an arrow.
You take 2 damage, and have 42/44 hp.
The centaur shoots an arrow.
You block the arrow.
You see here an arrow.
The centaur unwields a +0 shortbow.
The centaur wields a +0 mace.
The centaur hits you with a +0 mace.
You take 6 damage, and have 36/44 hp.
Your chain mail prevents you from hitting the centaur.
The centaur drinks a potion.
The centaur seems to grow stronger.
You closely miss the centaur. You claw the centaur.
The centaur hits you with a +0 mace.
A centaur comes into view.
You take 6 damage, and have 30/44 hp.
You are too injured to fight recklessly!
You are too injured to fight recklessly!
You are too injured to fight recklessly!
Your chain mail prevents you from hitting the centaur.
You peck the centaur.
The centaur wields a +0 shortbow.
The centaur shoots an arrow.
The arrow barely misses you. The centaur misses you.
The centaur unwields a +0 shortbow.
The centaur hits you. The centaur closely misses you.
You take 2 damage, and have 29/44 hp.
You hit the centaur but do no damage. The centaur closely misses you.
The centaur barely misses you. The centaur hits you!
You take 7 damage, and have 22/44 hp.
You hit the centaur. You block the centaur's attack. The centaur hits you.
You take 5 damage, and have 17/44 hp.
You hit the centaur but do no damage. Your kick misses the centaur.
You peck the centaur. The centaur hits you with a +0 mace!
* * * LOW HITPOINT WARNING * * *
The centaur hits you but does no damage.
You block the centaur's attack. The centaur hits you with a +0 mace.
* * * LOW HITPOINT WARNING * * *
You take 15 damage, and have 2/44 hp.
MASSIVE DAMAGE!!
A red film seems to cover your vision as you go berserk!
You feel yourself moving faster!
You feel mighty!
You are feeling very hungry.
The centaur hits you.
You die...

.............######
#.............
####.(.....#####
##..........#
#...........#
#..(........#
#..(........#
##..c##...###
####@####.######
......c.............
...####.###.....######..
....................
.##.###............. #.#
##............
#..###............
...................
###.#.##...........


You could see 2 centaurs.

Vanquished Creatures
  A scorpion (D:4)
  2 howler monkeys
  2 crimson imps
  A centaur zombie (D:5)
  A hound (D:4)
  A jelly (D:5)
  3 orc priests
  4 worker ants
  3 gnolls (D:3)
  7 adders
  A shadow imp (D:6)
  A worm (D:4)
  2 dart slugs
  3 leopard geckos
  22 orcs
  A ball python (D:5)
  2 giant cockroaches
  8 goblins
  11 hobgoblins
  6 jackals
  7 kobolds
  4 quokkas
  10 bats
  6 frilled lizards
  10 rats
119 creatures vanquished.

Notes
Turn   | Place    | Note
-------+----------+-------------------------------------------
     0 | D:1      | Firecrotchwizard the Tengu Berserker began the quest for
                  | the Orb.
     0 | D:1      | Reached XP level 1. HP: 14/14 MP: 2/2
   311 | D:1      | Reached XP level 2. HP: 14/19 MP: 3/3
   718 | D:1      | Reached skill level 4 in Polearms
   718 | D:1      | Reached XP level 3. HP: 17/23 MP: 4/4
   729 | D:1      | Reached ** piety under Trog
   959 | D:2      | Found a snail-covered altar of Cheibriados.
  1124 | D:2      | Reached XP level 4. HP: 20/28 MP: 5/5
  1584 | D:2      | Reached skill level 3 in Dodging
  2010 | D:3      | Found a burning altar of Makhleb.
  2029 | D:3      | Found an opulent altar of Gozag.
  2053 | D:3      | Reached skill level 5 in Polearms
  2053 | D:3      | Gained mutation: You can fly continuously. [Tengu growth]
  2053 | D:3      | Reached XP level 5. HP: 33/33 MP: 6/6
  2425 | D:3      | Reached *** piety under Trog
  2444 | D:3      | HP: 8/33 [poisoned by an adder]
  2452 | D:3      | HP: 7/33 [poisoned by an adder]
  2729 | D:3      | Reached skill level 4 in Fighting
  2817 | D:3      | Found an ornate altar of the Wu Jian Council.
  3160 | D:3      | Reached XP level 6. HP: 23/38 MP: 7/7
  3544 | D:4      | Reached skill level 6 in Polearms
  3544 | D:4      | Reached skill level 4 in Dodging
  4004 | D:4      | Reached XP level 7. HP: 40/44 MP: 8/8
  4234 | D:4      | Found a staircase to the Ecumenical Temple.
  4344 | D:5      | Entered Level 5 of the Dungeon
  4528 | D:5      | Reached **** piety under Trog
  4645 | D:5      | Found the +9 staff of Olgreb {rPois∞}
  4743 | D:5      | Found a runed translucent door.
  4747 | D:5      | Noticed a soldier ant
  4748 | D:5      | Found a runed translucent gate.
  4748 | D:5      | Noticed a soldier ant
  4748 | D:5      | Noticed a soldier ant
  4748 | D:5      | Noticed a soldier ant
  4749 | D:5      | Found a runed translucent door.
  4776 | D:5      | Found a runed translucent gate.
  4782 | D:5      | Noticed a soldier ant
  4807 | D:5      | Found a runed translucent gate.
  4887 | D:6      | Reached skill level 7 in Polearms
  5050 | D:6      | Reached skill level 5 in Fighting
  5101 | D:6      | HP: 5/44 [centaur/+0 mace (12)]
  5101 | D:6      | HP: 2/44 [centaur/+0 mace (3)]
  5102 | D:6      | Slain by a centaur

Levels and vault maps discovered:
D:1:      giann_bridges, layout_loops_ring, minmay_octomino_c4
D:2:      layout_basic, kennysheep_slug_shrine
D:3:      layout_basic, marbit_many_paths, nicolae_overflow_crystal_walls,
          nicolae_gozag_cash_rules_everything_around_me
D:4:      layout_cave_pools, lemuel_temple_firewalk_b, first_ration
D:5:      layout_rooms, minmay_guarded_unrand_staff_of_olgreb
D:6:      layout_loops_ring

Skill      XL: |  1  2  3  4  5  6  7 |
---------------+----------------------+-----
Polearms       | 4 5 6 7 |  7.2
Dodging        | 3 4 |  4.8
Fighting       | 4 5 |  5.0
Armour         | |  2.1

Action                   |  1- 3 |  4- 6 |  7- 9 || total
-------------------------+-------+-------+-------++-------
Melee: Spear             |    36 |       |       ||    36
       Kick              |    16 |    36 |    21 ||    73
       Peck              |    14 |    25 |    12 ||    51
       Dagger            |    52 |   135 |    82 ||   269
Invok: Berserk           |       |     2 |     1 ||     3
       Trog's Hand       |       |     1 |       ||     1
 Abil: Fly               |       |     1 |       ||     1
  Use: Potion            |     1 |       |       ||     1
       Scroll            |       |       |     1 ||     1
  Eat: Chunk             |     1 |    11 |     3 ||    15
Armor: Chain mail        |    37 |    62 |    30 ||   129
       Animal skin       |     1 |       |       ||     1
Dodge: Dodged            |    31 |    67 |    31 ||   129
Block: Buckler           |       |    30 |    21 ||    51

Table legend:
 A = Non-vault XP
 B = Vault XP
 C = Vault XP percentage of total XP
 D = Non-vault monster count
 E = Vault monster count
 F = Vault count percentage of total count
                 A         B        C        D         E       F
            +---------+---------+-------+---------+---------+-------
      Total |     984 |      17 |   1.7 |     109 |      10 |   8.4
            +---------+---------+-------+---------+---------+-------
        D:1 |      31 |      12 |  27.9 |      19 |       8 |  29.6
        D:2 |      96 |       4 |   4.0 |      16 |       1 |   5.9
        D:3 |     134 |       1 |   0.7 |      31 |       1 |   3.1
        D:4 |     362 |       0 |   0.0 |      19 |       0 |   0.0
        D:5 |     210 |       0 |   0.0 |      17 |       0 |   0.0
        D:6 |     151 |       0 |   0.0 |       7 |       0 |   0.0
            +---------+---------+-------+---------+---------+-------

Levels and vault maps discovered:
D:1:      giann_bridges, layout_loops_ring, minmay_octomino_c4
D:2:      layout_basic, kennysheep_slug_shrine
D:3:      layout_basic, marbit_many_paths, nicolae_overflow_crystal_walls,
          nicolae_gozag_cash_rules_everything_around_me
D:4:      layout_cave_pools, lemuel_temple_firewalk_b, first_ration
D:5:      layout_rooms, minmay_guarded_unrand_staff_of_olgreb
D:6:      layout_loops_ring

Table legend:
 A = Turns spent in this place as a percentage of turns spent in the entire game.
 B = Non-inter-level travel turns spent in this place as a percentage of non-inter-level travel turns spent in the entire game.
 C = Inter-level travel turns spent in this place as a percentage of turns spent in this place.
 D = Turns resting spent in this place as a percentage of non-inter-level travel turns spent in this place.
 E = Turns spent auto-exploring this place as a percentage of non-inter-level travel turns spent in this place.
 F = Non-inter-level travel turns spent in this place divided by the number of levels of this place that you've seen.
                   A       B       C       D       E      F
               +-------+-------+-------+-------+-------+----------------------
         Total | 100.0 | 100.0 |   3.6 |  33.6 |  49.5 | 819.7
       Dungeon | 100.0 | 100.0 |   3.6 |  33.6 |  49.5 | 819.7
               +-------+-------+-------+-------+-------+----------------------

Table legend:
 A = Kills in this place as a percentage of kills in entire the game.
 B = Kills by you in this place as a percentage of kills by you in the entire game.
 C = Kills by friends in this place as a percentage of kills by friends in the entire game.
 D = Other kills in this place as a percentage of other kills in the entire game.
 E = Experience gained in this place as a percentage of experience gained in the entire game.
 F = Experience gained in this place divided by the number of levels of this place that you have seen.
                   A       B       C       D       E      F
               +-------+-------+-------+-------+-------+----------------------
         Total | 100.0 | 100.0 |   N/A |   N/A | 100.0 | 166.8
       Dungeon | 100.0 | 100.0 |   N/A |   N/A | 100.0 | 166.8
               +-------+-------+-------+-------+-------+----------------------
